 Dungeon Crawl Stone Soup version 0.20.1-1-g8b1a95d (webtiles) character file.

145 vatarom the Caller (level 5, 0/31 HPs)
             Began as a Tengu Summoner on Sept 6, 2017.
             Slain by a worker ant (6 damage)
             ... on level 4 of the Dungeon.
             The game lasted 00:10:15 (3346 turns).

vatarom the Caller (Tengu Summoner)                 Turns: 3346, Time: 00:10:16

Health: 0/31       AC:  3    Str:  8    XL:     5   Next: 27%
Magic:  4/9        EV: 15    Int: 17    God:
Gold:   140        SH:  0    Dex: 14    Spells: 2/8 levels left

rFire    . . .     SeeInvis .   f - +1 spear
rCold    . . .     Gourm    .   (no shield)
rNeg     . . .     Faith    .   a - +1 robe
rPois    .         Spirit   .   (helmet restricted)
rElec    .         Reflect  .   (no cloak)
rCorr    .         Harm     .   (no gloves)
MR       +....                  (boots unavailable)
Stlth    ++........             (no amulet)
Regen    0.1/turn               h - ring of protection from magic
MPRegen  0.2/turn               i - +3 ring of evasion

@: lethally poisoned (0 -> -2)
A: beak, talons 3, able to fly 1
a: Fly


You were on level 4 of the Dungeon.
You were not hungry.

You visited 1 branch of the dungeon, and saw 4 of its levels.

You collected 140 gold pieces.

Inventory:

Hand Weapons
 f - a +1 spear (weapon)
Armour
 a - a +1 robe (worn)
Jewellery
 h - a ring of protection from magic (left hand)
 i - a +3 ring of evasion (right hand)
Wands
 g - a wand of lightning (10/15)
Potions
 d - 3 potions of curing {unknown}
Books
 b - a book of Callings

   Spells                             Type                      Level
   a - Summon Small Mammal            Summoning                    1
   b - Call Imp                       Summoning                    2
   c - Call Canine Familiar           Summoning                    3
   d - Summon Guardian Golem          Hexes/Summoning              3
   e - Summon Lightning Spire         Summoning/Air                4
   f - Summon Ice Beast               Ice/Summoning                4
Comestibles
 c - a bread ration
 j - 3 fruits
 k - a meat ration
 l - 3 chunks of flesh


   Skills:
 - Level 2.3 Fighting
 - Level 2.7 Polearms
 - Level 2.1 Dodging
 - Level 2.0 Stealth
 + Level 2.2 Spellcasting
 - Level 5.9 Summonings


You had 2 spell levels left.
You knew the following spells:

 Your Spells              Type           Power        Failure   Level  Hunger
a - Summon Small Mammal   Summ           ###.         1%          1    #......
b - Call Imp              Summ           ###.....     2%          2    ###....
c - Call Canine Familiar  Summ           ###.....     4%          3    ###....


Dungeon Overview and Level Annotations

Branches:
Dungeon (4/15)
 Temple: D:4-7

Altars:
Okawaru

Annotations:
D:4 tmwrnj's ghost, amateur HOFi


Innate Abilities, Weirdness & Mutations

You have a beak for a mouth.
You have claws for feet.
You can fly.


Message History

Your hound dies!
Your hound's corpse disappears in a puff of smoke!
You feel sick.
You feel sick.
The worker ant waves its antennae.
You feel sick.
Your magical contamination has completely faded away.
The worker ant twitches its antennae in your direction.
The ogre closely misses you.
There is a stone staircase leading down here.
The worker ant bites you.
Tmwrnj's ghost whispers, "It is all a dream - a grotesque and foolish dream."
The worker ant closely misses you.
You feel sick.
You see here 16 arrows.
You feel sick. The worker ant bites you. The worker ant bites you.
* * * LOW HITPOINT WARNING * * *
The worker ant bites you.
You die...

...# *,##.##.#.#....########
...# *,......#<#...........#
...## *,##..........>######.####
....####.*######.#.#.#####
#....† .[.......* #.........#
###### ......###### #.#.#.###.#
...........# #.#a#.# *,*
........##.#####OaW..###.#
..............##@.#......*
..#.....##.##.##.....###.# ****
.##.....##.##.##.#.#.# *,* *,,,
.##................#.#**,** *,**
.........#>##.##.........,** *,*
.##..##.##.##.######.#...,,***,*
.##..##.....<.#*** *...,.,,,,,,*
.*#[.##.#...##...#***#...,,*****
,*#..........,.#....,,...,**


You could see an ogre, 2 worker ants and tmwrnj's ghost.

Vanquished Creatures
  2 adders (D:3)
  2 giant cockroaches (D:3)
  A goblin (D:3)
  A hobgoblin (D:2)
  2 rats
8 creatures vanquished.

Vanquished Creatures (collateral kills)
  A scorpion (D:3)
  An orc wizard (D:3)
  An iguana (D:3)
  A worker ant (D:4)
  5 adders
  A dart slug (D:1)
  2 worms
  A leopard gecko (D:1)
  2 orcs (D:3)
  A giant cockroach (D:1)
  4 goblins
  5 hobgoblins
  A quokka (D:2)
  A bat (D:1)
  4 frilled lizards
  A kobold (D:1)
  3 rats
35 creatures vanquished.

Grand Total: 43 creatures vanquished

Notes
Turn   | Place    | Note
-------+----------+-------------------------------------------
     0 | D:1      | vatarom the Tengu Summoner began the quest for the Orb.
     0 | D:1      | Reached XP level 1. HP: 10/10 MP: 4/4
   173 | D:1      | Reached skill level 5 in Summonings
   568 | D:1      | Reached XP level 2. HP: 15/15 MP: 1/6
   614 | D:1      | Learned a level 2 spell: Call Imp
  1712 | D:1      | Reached XP level 3. HP: 19/19 MP: 7/7
  1717 | D:1      | Learned a level 3 spell: Call Canine Familiar
  2019 | D:3      | Reached skill level 1 in Polearms
  2241 | D:3      | Reached skill level 1 in Fighting
  2432 | D:3      | Noticed a scorpion
  2451 | D:3      | Killed a scorpion
  2451 | D:3      | Reached XP level 4. HP: 25/25 MP: 1/8
  2599 | D:3      | Found an iron altar of Okawaru.
  2701 | D:4      | Noticed an ogre
  3033 | D:3      | Gained mutation: You can fly. [Tengu growth]
  3033 | D:3      | Reached XP level 5. HP: 30/30 MP: 2/9
  3312 | D:4      | Noticed tmwrnj's ghost (amateur HOFi)
  3346 | D:4      | Slain by a worker ant

Skill      XL: |  1  2  3  4 |
---------------+-------------+-----
Summonings     | 5 |  5.9
Polearms       | 2 |  2.7
Fighting       | 1 2 |  2.3
Dodging        | |  2.1
Stealth        | |  2.0
Spellcasting   | |  2.2

Action                   |  1- 3 |  4- 6 || total
-------------------------+-------+-------++-------
Melee: Spear             |    23 |    23 ||    46
       Kick              |     4 |     3 ||     7
       Unarmed           |     2 |       ||     2
       Peck              |     2 |     2 ||     4
 Cast: Summon Small Mamm |    18 |       ||    18
       Call Imp          |    20 |     8 ||    28
       Call Canine Famil |     4 |     4 ||     8
  Use: Scroll            |     9 |     2 ||    11
       Potion            |     2 |       ||     2
 Stab: Sleeping          |     1 |       ||     1
       Distracted        |     1 |     1 ||     2
  Eat: Chunk             |     3 |     3 ||     6
       Bread ration      |     1 |       ||     1
Armor: Robe              |     5 |     1 ||     6
Dodge: Dodged            |    34 |    15 ||    49
